Map: Ruínas de Endion

Players

TheThinWDuke

  • Race: Terran Terran
  • League: Master

TheZergLord - Winner!

  • Race: Zerg Zerg
  • League: Master

VOD

Have the link to the VOD?

Description

Time

  • Played on: May 6, 2016, 11:24 a.m.
  • Length: 14:30
Show
View Real Time Build Order
Export as new Build Order

TheThinWDuke Terran 

Build Orders: Reaper Expand 

Get SALT Encoding   

  12  0:01  SCV  
  13  0:14  SCV  
  14  0:17  Supply Depot  
  14  0:26  SCV  
  15  0:39  Barracks, SCV  
  16  0:44  Refinery  
  16  0:51  SCV  
  17  1:03  SCV  
  18  1:15  SCV  
  19  1:28  Reaper, Orbital Command  
  20  1:44  Command Center  
  20  1:53  SCV  
  21  1:56  Supply Depot  
  21  2:04  Barracks  
  21  2:08  Barracks Reactor  
  21  2:10  SCV  
  22  2:16  Refinery  
  22  2:22  SCV  
  23  2:34  SCV  
  24  2:51  Marine x2  
  26  2:52  SCV  
  26  2:56  Factory  
  26  2:58  Barracks Tech Lab  
  27  3:00  Orbital Command  
  27  3:04  SCV  
  28  3:08  Marine  
  28  3:09  Marine  
  30  3:16  SCV  
  30  3:17  Marine  
  30  3:19  Stimpack  
  32  3:24  Supply Depot  
  32  3:27  Marine x2  
  32  3:28  SCV x2  
  36  3:40  SCV  
  37  3:45  Starport, Factory Reactor  
  37  3:46  Marine x3  
  40  3:49  SCV  
  40  3:51  Supply Depot  
  40  3:52  SCV  
  41  4:03  SCV  
  41  4:04  Marine x3, SCV  
  46  4:15  SCV  
  46  4:16  SCV  
  48  4:22  Marine x3  
  51  4:30  Command Center  
  51  4:33  Medivac x2  
  55  4:43  Marine x3  
  55  4:44  SCV x2  
  60  4:45  Factory Reactor  
  60  4:49  Engineering Bay x2  
  60  5:02  SCV x2  
  60  5:03  Refinery  
  62  5:18  Factory Tech Lab  
  62  5:27  Bunker  
  62  5:29  Bunker  
  62  5:30  Supply Depot  
  62  5:31  Supply Depot  
  62  5:33  Marine x3, Medivac x2  
  69  5:42  Siege Tank  
  72  5:44  Orbital Command  
  72  5:51  Marine x3  
  75  5:59  Barracks  
  75  6:09  Marine x3  
  70  6:18  Barracks  
  36  6:26  Marine x2  
  25  6:45  Orbital Command  
  22  6:55  Starport Tech Lab  
  15  7:20  Banshee  
  15  7:22  Factory Tech Lab  
  18  7:40  Siege Tank  
  18  7:42  SCV  
  22  7:50  Marine  
  23  7:56  SCV  
  26  8:19  Orbital Command  
  22  8:34  Orbital Command  
  14  8:55  Orbital Command  
  14  9:04  SCV x2  
  14  9:08  Marine x2  
  18  9:14  Widow Mine  
  20  9:25  SCV x2  
  20  9:26  Marine x2  
  24  9:39  SCV x3  
  24  9:44  Marine x2  
  29  9:51  SCV  
  30  9:54  Factory Tech Lab  
  30  9:55  SCV x2  
  30  9:57  Refinery  
  29  10:01  Marine x2  
  29  10:06  Refinery  
  31  10:08  SCV x3  
  34  10:21  Marine x2  
  34  10:23  SCV x2  
  38  10:33  Barracks  
  38  10:34  Barracks x2  
  38  10:35  Barracks  
  38  10:39  Marine x2  
  40  10:43  Siege Tank  
  40  11:00  Marine x2  
  42  11:15  Siege Tank  
  42  11:18  Marine x2  
  46  11:23  Marine x3  
  50  11:36  Marine  
  50  11:37  Marine  
  52  11:40  Marine  
  52  11:41  Marine x2, SCV x2  
  52  11:44  Barracks Tech Lab  
  55  12:02  Marine x5  
  55  12:03  Marine, Siege Tank  
  51  12:14  Engineering Bay  
  47  12:20  Marine x4  
  51  12:27  Marine x2  
  53  12:34  Combat Shields  
  53  12:37  Marine  
  53  12:38  Marine  
  55  12:44  Missile Turret  
  55  12:52  Marine x2  
  55  12:57  Marine x3  
  60  12:59  Siege Tank  
  60  13:02  Marine  
  60  13:29  Missile Turret  
  46  13:42  Marine x3  
  46  13:43  Marine  
  42  13:48  Marine x2  
  44  14:00  Marine x4  
  48  14:06  Marine  
Show
View Real Time Build Order
Export as new Build Order

TheZergLord Zerg - Winner!

Build Orders: Hatch First 

Get SALT Encoding   

  12  0:01  Drone  
  13  0:13  Overlord  
  13  0:18  Drone  
  14  0:32  Drone x2  
  16  0:35  Drone  
  17  0:52  Hatchery  
  17  0:55  Drone  
  17  1:09  Spawning Pool  
  16  1:11  Drone  
  16  1:13  Extractor  
  16  1:16  Drone  
  17  1:20  Drone  
  18  1:28  Drone  
  19  1:40  Overlord  
  19  1:58  Queen  
  19  1:59  Zergling x2  
  23  2:01  Zergling x2  
  23  2:05  Queen  
  23  2:06  Zergling x2  
  26  2:14  Metabolic Boost  
  26  2:31  Drone x2  
  26  2:32  Drone x2  
  26  2:34  Drone  
  30  2:49  Hatchery  
  28  2:52  Queen  
  28  2:55  Drone  
  28  2:56  Drone  
  32  3:02  Overlord  
  32  3:05  Drone x2  
  34  3:07  Drone  
  35  3:17  Overlord  
  35  3:21  Drone  
  35  3:23  Drone  
  35  3:24  Drone  
  35  3:26  Drone x4  
  42  3:34  Overlord  
  42  3:35  Drone x2  
  44  3:45  Extractor, Roach Warren  
  44  3:46  Extractor  
  41  4:04  Overlord x2  
  41  4:26  Roach x9  
  41  4:29  Roach  
  61  4:33  Zergling x10, Roach  
  68  4:44  Overlord  
  68  4:47  Zergling x8  
  72  5:02  Overlord  
  72  5:03  Overlord  
  72  5:05  Roach x4  
  80  5:20  Overlord  
  80  5:24  Zergling x2  
  80  5:25  Zergling x14  
  80  5:28  Ravager x3  
  91  5:29  Ravager  
  91  5:30  Ravager  
  91  5:34  Zergling x4  
  83  5:46  Roach  
  83  5:47  Roach  
  86  5:56  Roach  
  88  6:09  Roach x2  
  80  6:25  Roach x4  
  73  6:48  Roach x3  
  66  7:20  Drone x4  
  66  7:21  Drone x2  
  72  7:41  Overlord  
  72  7:49  Drone  
  72  7:50  Drone x2  
  75  7:55  Drone x2  
  77  8:00  Spawning Pool  
  67  8:32  Drone x2  
  67  8:33  Drone x5  
  59  8:53  Drone x4  
  58  8:58  Queen  
  58  9:02  Lair  
  56  9:05  Spore Crawler x2  
  56  9:07  Drone  
  56  9:08  Drone  
  54  9:11  Extractor  
  54  9:12  Extractor  
  54  9:16  Drone x2  
  54  9:22  Drone x2  
  56  9:35  Queen  
  56  9:41  Drone  
  56  9:42  Drone x3  
  60  10:05  Spire  
  59  10:10  Drone x3  
  62  10:15  Queen x2  
  62  10:21  Hatchery  
  63  10:25  Overseer  
  63  10:28  Overseer  
  63  10:34  Zergling x16  
  63  10:35  Zergling x6  
  74  10:52  Overlord x2  
  74  10:56  Queen  
  73  11:17  Mutalisk  
  73  11:18  Mutalisk x7  
  89  11:29  Mutalisk  
  89  11:30  Mutalisk  
  93  11:34  Queen  
  95  11:43  Mutalisk x2  
  95  11:46  Extractor  
  98  11:52  Extractor  
  97  11:59  Mutalisk x2  
  98  12:18  Mutalisk x2  
  98  12:21  Drone x3  
  98  12:22  Drone x6  
  111  12:31  Mutalisk  
  113  12:40  Hatchery  
  112  12:48  Overlord x3  
  112  12:58  Ravager  
  113  13:05  Overlord  
  113  13:06  Overlord  
  113  13:14  Ravager x4  
  97  13:48  Mutalisk x3  
  84  13:49  Mutalisk x5  
  84  13:53  Zergling x10  
  84  13:54  Zergling x10  
Tags
 
Add a new tag
Caveats
  • Supply blocks, unpowered buildings, or Contaminate may cause inaccurate times.
  • Supply counts are checked every 10 seconds.